 Dungeon Crawl Stone Soup version 0.30-a0-760-g5a9884bb7c (webtiles) character file.

Game seed: 12049661270092906869

539 jimonade the Covert (level 7, -1/41 HPs)
             Began as a Kobold Brigand on Feb 10, 2023.
             Slain by a gnoll
             ... wielding a +0 spear
             ... led by a gnoll sergeant
              (7 damage)
             ... on level 5 of the Dungeon.
             The game lasted 00:09:57 (4075 turns).

jimonade the Covert (Kobold Brigand)                Turns: 4075, Time: 00:09:58

Health: -1/41      AC:  4    Str:  8    XL:     7   Next: 51%
Magic:  7/7        EV: 15    Int: 12    God:
Gold:   211        SH:  0    Dex: 19    Spells: 6/6 levels left

rFire   . . .      SeeInvis +    a - +2 dagger
rCold   . . .      Faith    .    (no shield)
rNeg    . . .      Spirit   .    w - +0 robe
rPois   .          Reflect  .    (no helmet)
rElec   .          Harm     .    c - +0 cloak
rCorr   .          Rampage  .    (no gloves)
Will    .....                    t - +0 pair of boots
Stlth   +++++                    (no amulet)
HPRegen 0.26/turn                s - ring of see invisible
MPRegen 0.10/turn                r - ring of wizardry

@: no status effects
A: small, no large weapons, nightstalker 3
a: no special abilities


You were on level 5 of the Dungeon.
You visited 1 branch of the dungeon, and saw 5 of its levels.

You collected 211 gold pieces.

Inventory:

Hand Weapons
 a - a +2 dagger (weapon)
 b - a +2 whip of venom
Missiles
 d - 7 poisoned darts (quivered)
 e - 2 curare-tipped darts
 p - 5 datura-tipped darts
 u - 3 boomerangs
Armour
 c - a +0 cloak (worn)
 f - a +0 leather armour
 t - a +0 pair of boots (worn)
 v - a +0 ring mail
 w - a +0 robe (worn)
Jewellery
 r - a ring of wizardry (right hand)
 s - a ring of see invisible (left hand)
Scrolls
 g - a scroll of vulnerability {unknown}
 h - a scroll of teleportation {unknown}
 i - 2 scrolls of enchant armour {unknown}
 j - 2 scrolls of amnesia {unknown}
 l - 9 scrolls of identify {unknown}
 m - a scroll of fear {unknown}
 n - 3 scrolls of poison {unknown}
 o - a scroll of fog {unknown}
 y - 2 scrolls of magic mapping {unknown}
Potions
 k - a potion of lignification {unknown}
 q - 2 potions of curing {unknown}
 x - a potion of invisibility {unknown}
 z - a potion of attraction {unknown}


   Skills:
 + Level 3.2 Fighting
 * Level 6.6 Short Blades
 + Level 2.2 Throwing
 + Level 2.5 Dodging
 + Level 8.9 Stealth


You had 6 spell levels left.
You didn't know any spells.
Your spell library contained the following spells:

 Spells                   Type           Power      Damage    Failure   Level
 Shock                    Conj/Air       0%         1d3       13%         1
 Blink                    Tloc           0%         N/A       21%         2
 Lesser Beckoning         Tloc           0%         N/A       21%         2
 Momentum Strike          Conj/Tloc      0%         3d8       21%         2
 Kindle Blastsparks       Fire/Tloc/Air  0%         2d10      36%         3
 Portal Projectile        Hex/Tloc       0%         N/A       36%         3
 Summon Guardian Golem    Hex/Summ       0%         N/A       36%         3
 Swiftness                Air            0%         N/A       36%         3
 Tukima's Dance           Hex            0%         N/A       36%         3
 Airstrike                Air            0%         2d(0-16)  75%         4
 Animate Armour           Summ/Erth      0%         N/A       75%         4
 Fulminant Prism          Conj/Hex       0%         3d5       75%         4
 Iskenderun's Mystic Bla  Conj/Tloc      0%         2d3       75%         4
 Petrify                  Tmut/Erth      0%         N/A       75%         4
 Blade Hands              Tmut           0%         N/A       97%         5
 Borgnjor's Vile Clutch   Necr/Erth      0%         N/A       97%         5
 Lee's Rapid Deconstruct  Erth           0%         3d4*      97%         5
 Orb of Destruction       Conj           0%         9d5       100%        7
 Spellforged Servitor     Conj/Summ      0%         N/A       100%        7


Dungeon Overview and Level Annotations

Branches:
Dungeon (5/15)
 Temple: D:4-7

Altars:
Vehumet

Shops:
D:1 =

Annotations:
D:5 exclusions: 2 gnolls and ice beast


Innate Abilities, Weirdness & Mutations

You are small and have problems with some larger weapons.
You are completely attuned to the shadows.


Message History

You hit the gnoll.
The gnoll is lightly wounded.
You hit the gnoll.
The gnoll is moderately wounded.
The gnoll barely misses you.
You barely miss the gnoll.
The gnoll is moderately wounded.
The gnoll barely misses you.
You hit the gnoll.
The gnoll is heavily wounded.
You barely miss the gnoll.
The gnoll is heavily wounded.
The gnoll closely misses you.
You hit the gnoll.
The gnoll is severely wounded.
The gnoll hits you with a +0 whip.
* * * LOW HITPOINT WARNING * * *
You hit the gnoll.
The gnoll is almost dead.
You hit the gnoll.
You kill the gnoll!
You hit the gnoll but do no damage. The gnoll barely misses you.
The gnoll hits you with a +0 flail.
* * * LOW HITPOINT WARNING * * *
You hit the gnoll.
The gnoll is lightly wounded.
You barely miss the gnoll.
The gnoll is lightly wounded.
The gnoll closely misses you.
The gnoll hits you from afar with a +0 spear.
* * * LOW HITPOINT WARNING * * *
You hit the gnoll but do no damage.
The gnoll is lightly wounded.
You hit the gnoll.
The gnoll is heavily wounded.
The gnoll closely misses you. The gnoll completely misses you.
You hit the gnoll.
The gnoll is severely wounded.
The gnoll hits you from afar with a +0 spear!
You die...

.....(.(.##
........((##
.......##..##
.......###).##
......## ##..##
......# ##..## .....##
##.g## ### .....#
###g## ##.## ...###
##@## #...# ####
#########.## ##.#.#
####..........###..###
##..................#
#..................##
##...............###
#)......)).....##
###...........##
###.......###


You could see 2 gnolls.

Vanquished Creatures
  Edmund (D:4)
  A black bear (D:5)
  An ice beast (D:5)
  A gnoll sergeant (D:5)
  4 adders
  6 gnolls
  2 worms
  A dart slug (D:1)
  3 orcs (D:3)
  9 endoplasms
  3 giant cockroaches
  8 goblins
  7 hobgoblins
  2 quokkas
  10 ball pythons
  5 bats
  6 frilled lizards
  11 kobolds
  5 rats
86 creatures vanquished.

Notes
Turn   | Place    | Note
-------+----------+-------------------------------------------
     0 | D:1      | jimonade the Kobold Brigand began the quest for the Orb.
     0 | D:1      | Reached XP level 1. HP: 12/12 MP: 1/1
    70 | D:1      | Found Fealagesk's Jewellery Emporium.
   149 | D:1      | Reached XP level 2. HP: 18/18 MP: 2/2
   314 | D:1      | Reached skill level 6 in Stealth
   493 | D:1      | Reached XP level 3. HP: 22/22 MP: 3/3
  1410 | D:2      | Reached XP level 4. HP: 27/27 MP: 4/4
  1520 | D:2      | Reached skill level 7 in Stealth
  1560 | D:2      | Got the Discursus on Orogeny and Charms
  1983 | D:3      | Reached XP level 5. HP: 31/31 MP: 5/5
  2709 | D:3      | Found a faded altar of an unknown god.
  2946 | D:4      | Noticed Edmund
  2951 | D:4      | Killed Edmund
  2952 | D:4      | Reached skill level 5 in Short Blades
  2952 | D:4      | Reached skill level 8 in Stealth
  2952 | D:4      | Reached XP level 6. HP: 28/36 MP: 6/6
  3258 | D:4      | Found a radiant altar of Vehumet.
  3618 | D:5      | Entered Level 5 of the Dungeon
  3634 | D:5      | Noticed a black bear
  3638 | D:5      | Killed a black bear
  3645 | D:5      | Noticed an ice beast
  3942 | D:5      | Noticed an ice beast
  3946 | D:5      | Killed an ice beast
  3947 | D:5      | Reached XP level 7. HP: 41/41 MP: 7/7
  4075 | D:5      | Slain by a gnoll

Illustrated notes

Levels and vault maps discovered:
D:1:      psy_arrival_terrarium, layout_basic, serial_shops,
          nicolae_shop_statue_plus
D:2:      layout_basic
D:3:      layout_basic, shapermc_ecumenical_altar_notcrosses,
          minmay_crystal_water
D:4:      layout_loops_cross, nicolae_vehumet_radiance, uniq_edmund
D:5:      layout_cave_pods, serial_shops, shop, lightli_corner_chamber

Skill      XL: |  1  2  3  4  5  6 |
---------------+-------------------+-----
Stealth        | 6 7 8 |  8.9
Short Blades   | 3 5 6 |  6.6
Dodging        | 2 |  2.5
Fighting       | 3 |  3.2
Throwing       | |  2.2

Action                     |  1- 3 |  4- 6 |  7- 9 || total
---------------------------+-------+-------+-------++-------
  Melee: Dagger            |    94 |   102 |    22 ||   218
  Throw: Dart              |       |       |    10 ||    10
   Stab: Sleeping          |    23 |    24 |       ||    47
         Distracted        |     1 |     1 |       ||     2
 Armour: Robe              |    22 |     5 |     1 ||    28
  Dodge: Dodged            |    59 |    44 |    18 ||   121

Table legend: (Time is in decaauts)
 A = Elapsed time spent in this place.
 B = Non-inter-level travel time spent in this place.
 C = Inter-level travel time spent in this place.
 D = Time resting spent in this place.
 E = Time spent auto-exploring this place.
 F = Levels seen in this place.
 G = Mean time per level.
                   A        B        C        D        E       F      G
               +--------+--------+--------+--------+--------+-----+--------+
         Total |   4029 |   3913 |    116 |     34 |   2378 |   5 |  805.8 |
       Dungeon |   4029 |   3913 |    116 |     34 |   2378 |   5 |  805.8 |
               +--------+--------+--------+--------+--------+-----+--------+

Top non-repeatable levels by time:
     D:2: 997 daAuts
     D:3: 964 daAuts
     D:1: 823 daAuts
     D:4: 800 daAuts
     D:5: 443 daAuts
